Map: Flooded City

Players

Balaustra

  • Race: Protoss Protoss
  • Spawn Location: 6:00

ILIEKEGGPIE

  • Race: Protoss Protoss
  • League: Platinum
  • Spawn Location: 6:00

pupsoid

  • Race: Terran Terran
  • League: Diamond
  • Spawn Location: 12:00

TaTaPuH

  • Race: Protoss Protoss
  • Spawn Location: 12:00

VOD

Have the link to the VOD?

Description

Time

  • Played on: June 7, 2018, 12:25 p.m.
  • Length: 6:23
Show
View Real Time Build Order
Export as new Build Order

Balaustra Protoss 

Build Orders: Oracle Opening 

Get SALT Encoding   

  12  0:01  Probe  
  13  0:13  Probe  
  14  0:21  Pylon  
  14  0:25  Probe  
  15  0:39  Probe  
  15  0:40  Gateway  
  16  0:46  Assimilator  
  16  0:47  Probe  
  16  0:55  Probe  
  17  1:02  Assimilator  
  18  1:05  Probe  
  19  1:17  Probe  
  20  1:29  Probe  
  20  1:30  Cybernetics Core  
  21  1:34  Pylon  
  21  1:42  Probe  
  22  1:53  Probe  
  23  2:01  Probe  
  24  2:09  Probe  
  25  2:20  Probe  
  25  2:22  Nexus  
  26  2:32  Stargate  
  26  2:34  Probe  
  27  2:43  Stalker  
  29  2:46  Probe  
  30  2:51  Pylon  
  30  3:03  Probe  
  31  3:05  Oracle  
  31  3:07  Pylon  
  31  3:15  Probe, Warp Gate  
  35  3:27  Probe  
  35  3:32  Gateway, Oracle  
  36  3:35  Twilight Council  
  39  3:51  Gateway  
  39  4:00  Gateway  
  39  4:02  Zealot  
  41  4:25  Pylon  
  41  4:26  Zealot  
  41  4:30  Assimilator  
  43  4:35  Assimilator, Probe  
  44  4:45  Forge  
  44  4:47  Probe  
  45  4:58  Probe  
  46  5:11  Probe  
  44  5:45  Stalker x4  
  44  5:47  Shield Battery  
  52  5:52  Probe  
  53  5:58  Pylon  
  53  6:00  Probe  
  53  6:08  Forge  
  53  6:10  Probe  
  54  6:11  Photon Cannon  
  54  6:18  Stalker x4  
Show
View Real Time Build Order
Export as new Build Order

ILIEKEGGPIE Protoss 

Build Orders:  

Get SALT Encoding   

  12  0:02  Probe  
  13  0:14  Probe  
  14  0:18  Pylon  
  14  0:26  Probe  
  15  0:39  Forge  
  15  0:44  Probe  
  16  0:52  Pylon  
  16  0:55  Probe  
  17  1:03  Probe  
  18  1:12  Photon Cannon  
  18  1:24  Probe  
  19  1:36  Photon Cannon  
  19  1:56  Probe  
  19  1:58  Gateway  
  20  2:01  Assimilator  
  20  2:08  Probe  
  21  2:20  Probe  
  22  2:27  Pylon  
  22  2:33  Probe  
  23  2:43  Assimilator  
  23  2:45  Probe  
  23  2:47  Cybernetics Core  
  23  2:51  Photon Cannon  
  23  3:03  Pylon  
  23  3:14  Warp Gate  
  23  3:26  Probe  
  24  3:38  Probe  
  24  3:39  Pylon  
  25  3:42  Pylon  
  25  3:50  Photon Cannon  
  25  3:52  Photon Cannon x2  
  25  4:10  Photon Cannon  
  25  4:11  Photon Cannon  
  25  4:14  Photon Cannon  
  25  4:21  Stargate  
  25  4:22  Stargate  
  25  4:38  Shield Battery  
  25  4:46  Pylon  
  25  5:02  Void Ray x2  
  33  5:24  Nexus  
  33  5:46  Pylon  
  33  5:50  Pylon  
Show
View Real Time Build Order
Export as new Build Order

pupsoid Terran 

Build Orders:  

Get SALT Encoding   

  12  0:02  SCV  
  13  0:14  SCV  
  14  0:22  Supply Depot  
  14  0:26  SCV  
  15  0:53  SCV  
  16  0:57  Barracks x2  
  16  1:05  SCV  
  17  1:17  Barracks  
  17  1:21  SCV  
  18  1:30  Refinery  
  18  1:33  SCV  
  19  1:46  Marine  
  20  1:58  Barracks  
  20  2:00  Marine  
  21  2:07  Supply Depot  
  20  2:16  Marine  
  21  2:32  Marine x2  
  21  2:34  Marine  
  24  2:37  SCV  
  25  2:45  Refinery  
  25  3:07  Marine x3  
  25  3:08  Marine  
  28  3:14  Factory  
  28  3:15  Orbital Command  
  28  3:32  Marine x2  
  28  3:33  Marine  
  31  3:40  Supply Depot  
  31  3:44  Marine  
  32  3:58  SCV  
  32  3:59  Factory Tech Lab  
  33  4:04  Starport  
  33  4:10  SCV  
  34  4:18  Marine  
  34  4:19  Siege Tank  
  34  4:22  SCV  
  39  4:24  Marine x3  
  42  4:36  Supply Depot  
  42  4:40  Marine  
  42  4:42  Marine  
  42  4:45  Medivac  
  46  5:00  Supply Depot  
  46  5:12  Marine x4  
  49  5:29  Marine  
  49  5:30  Marine  
  51  5:44  Engineering Bay  
  51  5:46  Marine  
  54  6:09  Barracks Tech Lab  
  54  6:14  Missile Turret  
  54  6:22  Missile Turret  
Show
View Real Time Build Order
Export as new Build Order

TaTaPuH Protoss 

Build Orders:  

Get SALT Encoding   

  1  0:00  Probe  
  12  0:05  Probe  
  14  0:15  Probe  
  15  0:27  Pylon  
  15  0:36  Assimilator  
  15  0:42  Assimilator  
  15  0:45  Probe  
  16  0:55  Gateway  
  16  0:57  Probe  
  17  1:06  Probe  
  18  1:14  Probe  
  18  1:24  Probe  
  19  1:27  Pylon  
  20  1:34  Pylon  
  20  1:36  Probe  
  21  1:48  Probe  
  21  1:49  Cybernetics Core  
  22  1:59  Pylon  
  22  2:12  Zealot  
  24  2:30  Stalker  
  23  3:20  Stalker  
  25  3:30  Stargate  
  25  3:31  Stargate  
  25  3:33  Robotics Facility  
  25  4:13  Probe  
  26  4:21  Probe  
  26  4:31  Probe  
  27  4:34  Nexus  
  27  4:35  Observer, Pylon  
  27  4:37  Void Ray x2  
  37  4:43  Probe  
  38  4:52  Pylon  
  38  4:55  Probe  
  38  4:57  Assimilator  
  35  5:07  Probe  
  30  5:19  Probe  
  31  5:38  Probe  
  32  5:47  Probe x2  
  33  5:55  Probe x2  
  34  6:02  Assimilator  
  34  6:03  Probe x2  
Tags
 
Add a new tag
Caveats
  • Supply blocks, unpowered buildings, or Contaminate may cause inaccurate times.
  • Supply counts are checked every 10 seconds.